 Dungeon Crawl Stone Soup version 0.15.0-14-g6bbbb5c (console) character file.

16 gw the Skirmisher (level 2, -1/24 HPs)
             Began as a Demonspawn Abyssal Knight on Sept 4, 2014.
             Was a Follower of Lugonu.
             Slain by Sigmund
             ... wielding a +0 scythe
              (2 damage)
             ... on Level 2 of the Dungeon.
             The game lasted 00:00:26 (780 turns).

gw the Skirmisher (Demonspawn Abyssal Knight)        Turns: 780, Time: 00:00:26

HP  -1/24        AC  5     Str 12      XL: 2   Next: 41%
MP   2/2         EV  9     Int 13      God: Lugonu [*.....]
Gold 0           SH  0     Dex 10 (12) Spells:  0 memorised,  1 level left

rFire  + . .     SeeInvis .     a - +1 falchion
rCold  + . .     Clarity  .     j - +0 ring mail
rNeg   . . .     rCorr    +     (no shield)
rPois  +         rRot     .     b - +0 hat
rElec  +         Spirit   .     (no cloak)
SustAb .         Warding  .     (no gloves)
rMut   .         Stasis   .     (no boots)
Gourm  .                        (no amulet)
MR     .....                    (no ring)
                                (no ring)

@: resistant, not resistant to hostile enchantments, extremely unstealthy
A: antennae 1
a: Depart the Abyss, Renounce Religion


You were on level 2 of the Dungeon.
You worshipped Lugonu.
Lugonu was aware of your devotion.
You were not hungry.

You visited 1 branch of the dungeon, and saw 2 of its levels.
You visited the Abyss 1 time.

Inventory:

Hand weapons
 a - a +1 falchion (weapon)
Missiles
 i - 21 stones
 k - 6 javelins (quivered)
Armour
 b - a +0 hat (worn)
 j - a +0 ring mail (worn)
Comestibles
 c - a bread ration
 f - a meat ration
Scrolls
 e - 3 scrolls of identify


   Skills:
 + Level 3.2 Fighting
 * Level 2.1 Long Blades
 + Level 0.1 Throwing
 + Level 2.0 Armour
 - Level 0.8 Dodging
 + Level 2.7 Invocations


You had one spell level left.
You didn't know any spells.

Dungeon Overview and Level Annotations

Branches:
Dungeon (2/15)

Altars:

Annotations:
D:2 Sigmund


Innate Abilities, Weirdness & Mutations

You have a pair of small antennae on your head.


Message History

The adder bites you but does no damage. The bat misses you.
Sigmund gestures wildly while chanting.
Sigmund flickers and vanishes!
Deactivating autopickup; reactivate with Ctrl-A.
The kobold hits you but does no damage.
MOVING TO (0,-6)
The bat barely misses you. The adder bites you but does no damage.
Something hits you! The kobold hits you with a dagger.
The adder bites you but does no damage.
MOVING TO (0,-5)
The bat misses you. The kobold hits you but does no damage.
Found a white potion.
FLEEEEING!
ATTACKING (-1,1)
You hit the worm.
The worm is moderately wounded.
You hear some strange, mumbled words.
Something tries to affect you, but you resist.
The adder bites you. The kobold barely misses you. Something hits you.
You die...

.!. .... ... .(.
## #.. #.###.#
..$#.# .# .##
#{#w# ....
#....#..6####..#
#...wSK.....#
###..b.....[#
#.........#
#...<....(#
#........#.#
#..####.%..# #$.
###..# #.. .#


You could see 2 worms, an adder, a bat and a kobold.

Table legend:
 A = Turns spent in this place as a percentage of turns spent in the entire game.
 B = Non-inter-level travel turns spent in this place as a percentage of non-inter-level travel turns spent in the entire game.
 C = Inter-level travel turns spent in this place as a percentage of turns spent in this place.
 D = Turns resting spent in this place as a percentage of non-inter-level travel turns spent in this place.
 E = Turns spent auto-exploring this place as a percentage of non-inter-level travel turns spent in this place.
 F = Non-inter-level travel turns spent in this place divided by the number of levels of this place that you've seen.
                   A       B       C       D       E      F
               +-------+-------+-------+-------+-------+----------------------
         Total | 100.0 | 100.0 |   0.5 |   4.7 |  18.7 |  71.3
       Dungeon |  94.4 |  94.4 |   0.5 |   5.0 |  16.8 | 101.0
         Abyss |   5.6 |   5.6 |   0.0 |   0.0 |  50.0 |  12.0
               +-------+-------+-------+-------+-------+----------------------

Table legend:
 A = Kills in this place as a percentage of kills in entire the game.
 B = Kills by you in this place as a percentage of kills by you in the entire game.
 C = Kills by friends in this place as a percentage of kills by friends in the entire game.
 D = Other kills in this place as a percentage of other kills in the entire game.
 E = Experience gained in this place as a percentage of experience gained in the entire game.
 F = Experience gained in this place divided by the number of levels of this place that you have seen.
                   A       B       C       D       E      F
               +-------+-------+-------+-------+-------+----------------------
         Total | 100.0 | 100.0 |  -nan |  -nan | 100.0 |   8.0
       Dungeon | 100.0 | 100.0 |  -nan |  -nan | 100.0 |  12.0
               +-------+-------+-------+-------+-------+----------------------

Vanquished Creatures
  5 bats (D:1)
  2 giant cockroaches (D:1)
  2 hobgoblins (D:1)
  4 kobolds (D:1)
  2 rats (D:1)
15 creatures vanquished.

Notes
Turn   | Place    | Note
--------------------------------------------------------------
     0 | Abyss:1  | gw, the Demonspawn Abyssal Knight, began the quest for the Orb.
     0 | Abyss:1  | Reached XP level 1. HP: 18/18 MP: 1/1
    51 | Abyss:1  | Noticed a large abomination
    52 | D:1      | Escaped the Abyss
   242 | D:1      | Acquired Lugonu's first power
   364 | D:1      | Gained mutation: You have a pair of small antennae on your head. [demonic ancestry]
   364 | D:1      | Reached XP level 2. HP: 16/24 MP: 2/2
   774 | D:2      | Noticed Sigmund
   780 | D:2      | HP: 1/24 [adder (3)]
   780 | D:2      | Slain by Sigmund

Action                   || total
-------------------------++-------
Melee: Falchion          ||    53
Throw: Stone             ||     8
       Javelin           ||     4
Invok: Depart the Abyss  ||     1
  Use: Scroll            ||     3
       Potion            ||     2

Vault maps used:
D:1:      eino_arrival_tree_alley
D:2:      gammafunk_temple_overflow_statue, first_bread, serial_undead,
          serial_undead_a, serial_undead_c, serial_undead_a, serial_undead_c,
          serial_undead_d, serial_undead_e, st_stairs_12, uniq_sigmund
